 Dungeon Crawl Stone Soup version 0.20.0-7-g3b7b877 (webtiles) character file.

1075 kraftydee the Chiller (level 8, -5/43 HPs)
             Began as a Gargoyle Ice Elementalist on May 30, 2017.
             Was an Initiate of Sif Muna.
             Slain by an ogre
             ... wielding a +0 giant spiked club
              (22 damage)
             ... on level 4 of the Dungeon.
             The game lasted 00:27:31 (6354 turns).

kraftydee the Chiller (Gargoyle Ice Elementalist)   Turns: 6354, Time: 00:27:31

Health: -5/43      AC: 15    Str: 17    XL:     8   Next: 29%
Magic:  9/16       EV: 12    Int: 19    God:    Sif Muna [......]
Gold:   228        SH:  0    Dex: 12    Spells: 4/18 levels left

rFire    + . .     SeeInvis .   k - +3 flail (holy)
rCold    x . .     Gourm    .   (no shield)
rNeg     + . .     Faith    .   a - +0 robe
rPois    ∞         Spirit   .   (no helmet)
rElec    +         Reflect  .   (no cloak)
rCorr    .         Harm     .   (no gloves)
MR       .....                  (no boots)
Stlth    ++........             (no amulet)
Regen    0.2/turn               v - +6 ring of strength
MPRegen  0.2/turn               y - ring of fire

@: icy armour, slow
A: iridescent scales 1, agile 1, negative energy resistance 1, electricity
resistance, unbreathing, petrification resistance, rot immunity, sturdy frame 1,
AC +5
a: Renounce Religion


You were on level 4 of the Dungeon.
You worshipped Sif Muna.
Sif Muna was noncommittal.
You were hungry.

You visited 2 branches of the dungeon, and saw 5 of its levels.
You also visited: Sewer.

You collected 228 gold pieces.

Inventory:

Hand Weapons
 k - a +3 flail of holy wrath (weapon)
Armour
 a - a +0 robe (worn)
Jewellery
 v - a +6 ring of strength (left hand)
 y - a ring of fire (right hand)
Wands
 e - a wand of polymorph (9/24)
 j - a wand of iceblast (5/15)
Scrolls
 d - 3 scrolls of remove curse
 l - a scroll of enchant weapon
 m - a scroll of recharging {unknown}
 o - 4 scrolls of teleportation
 p - a scroll of magic mapping {unknown}
 u - 2 scrolls of amnesia {unknown}
 z - a scroll of identify
Potions
 f - 4 potions of curing
 h - a potion of agility
 i - 2 potions of resistance {unknown}
 n - a potion of might {unknown}
 q - a potion of brilliance {unknown}
 r - 2 potions of heal wounds {unknown}
 s - a potion of haste
 t - a potion of magic {unknown}
Books
 b - a book of Frost

   Spells                             Type                      Level
   a - Freeze                         Ice                          1
   b - Throw Frost                    Conjuration/Ice              2
   c - Ozocubu's Armour               Charms/Ice                   3
   d - Throw Icicle                   Conjuration/Ice              4
   e - Summon Ice Beast               Ice/Summoning                4
Comestibles
 c - 3 bread rations
 g - 5 meat rations
 w - a fruit
 x - a royal jelly


   Skills:
 + Level 1.0 Fighting
 + Level 2.0 Dodging
 + Level 3.6 Stealth
 + Level 1.1 Unarmed Combat
 + Level 5.8 Spellcasting
 + Level 1.5 Conjurations
 + Level 6.8 Ice Magic


You had 4 spell levels left.
You knew the following spells:

 Your Spells              Type           Power        Failure   Level  Hunger
a - Freeze                Ice            ####         1%          1    None
b - Throw Frost           Conj/Ice       ###...       3%          2    None
c - Ozocubu's Armour      Chrm/Ice       ###.....     9%          3    ##.....
d - Summon Ice Beast      Ice/Summ       ###.....     26%         4    ####...
e - Throw Icicle          Conj/Ice       ###.....     21%         4    ####...


Dungeon Overview and Level Annotations

Branches:
Dungeon (4/15)             Temple (1/1) D:4

Altars:
Ashenzari
Cheibriados
Fedhas
Gozag
Hepliaklqana
Kikubaaqudgha
Makhleb
Nemelex Xobeh
Okawaru
Ru
Sif Muna
Trog
Uskayaw
Vehumet
Xom
Yredelemnul
Zin
The Shining One


Innate Abilities, Weirdness & Mutations

You are resistant to torment.
Your stone body is resilient. (AC +5)
You are immune to poison.
You resist negative energy. (rN+)
You are resistant to electric shocks. (rElec)
You can survive without breathing.
You are immune to petrification.
You are immune to rotting.
You are partially covered in iridescent scales. (AC +2)
You are agile. (Dex +2)
Your movements are slightly less encumbered by armour. (ER -2)


Message History

You freeze the ogre.
The ogre is heavily wounded.
Casting: Freeze
Confirm with . or Enter, or press ? or * to list all spells.
Aiming: Freeze
Press: ? - help, Shift-Dir - straight line, f/p - ogre
Aim: an ogre, wielding a giant spiked club (heavily wounded)
You freeze the ogre.
The ogre is severely wounded.
The ogre hits you with a giant spiked club!
Casting: Freeze
Confirm with . or Enter, or press ? or * to list all spells.
Aiming: Freeze
Press: ? - help, Shift-Dir - straight line, f/p - ogre
Aim: an ogre, wielding a giant spiked club (severely wounded)
You freeze the ogre.
The ogre is almost dead.
The ogre hits you with a giant spiked club!!
Ouch! That really hurt!
You die...

## ##### #... ....#
####.... ... ..#.#
#....... #
..##.#.####....... #.
.>............###
#.##.#...###.....##
#.O..#.#.###.##...#
###@.........#..#.##
#.#....#.##..#.....#
#......#.##..#.###.#
#....#.#............
#.#..#.##.......##.#
####.....'...........
.........#.......###.
.........#.......# #.
'####....#.......# #.


You could see an ogre.

Vanquished Creatures
  Duvessa (D:4)
  Edmund (D:4)
  The ghost of kraftydee the Ruffian, an amateur TrCK of Xom (D:3)
  A phantom (D:4)
  Dowan (D:4)
  A scorpion (D:4)
  A howler monkey (D:4)
  2 hounds (D:4)
  Terence (D:2)
  Natasha (thrice) (D:2)
  2 worker ants (D:4)
  12 gnolls
  11 adders
  A river rat (Sewer)
  An ooze (D:2)
  4 worms
  2 dart slugs
  3 leopard geckos
  An orc (D:4)
  14 bats
  7 giant cockroaches
  8 goblins
  10 hobgoblins
  2 quokkas
  4 ball pythons
  15 frilled lizards
  9 kobolds
  8 rats
127 creatures vanquished.

Notes
Turn   | Place    | Note
-------+----------+-------------------------------------------
     0 | D:1      | kraftydee the Gargoyle Ice Elementalist began the quest for the Orb.
     0 | D:1      | Reached XP level 1. HP: 10/10 MP: 3/3
   264 | D:1      | Reached XP level 2. HP: 15/15 MP: 0/5
   550 | D:1      | Learned a level 2 spell: Throw Frost
  1217 | D:1      | Gained mutation: You are agile. (Dex +2) [potion of mutation]
  1217 | D:1      | Gained mutation: Your movements are slightly less encumbered by armour. (ER -2) [potion of mutation]
  1217 | D:1      | Gained mutation: You are partially covered in iridescent scales. (AC +2) [potion of mutation]
  1243 | D:1      | Reached XP level 3. HP: 1/19 MP: 0/7
  1796 | D:2      | Noticed Terence
  1879 | D:2      | Killed Terence
  1879 | D:2      | Reached XP level 4. HP: 23/24 MP: 2/8
  2093 | D:2      | Reached skill level 4 in Ice Magic
  2366 | D:2      | Reached XP level 5. HP: 19/28 MP: 5/9
  2371 | D:2      | Reached skill level 1 in Unarmed Combat
  2503 | D:2      | Noticed Natasha
  2524 | D:2      | Killed Natasha
  2698 | D:2      | Learned a level 3 spell: Ozocubu's Armour
  2703 | D:2      | Learned a level 4 spell: Summon Ice Beast
  2915 | D:2      | Found a blossoming altar of Fedhas.
  2985 | D:2      | Noticed Natasha
  2991 | D:2      | Killed Natasha
  3005 | D:2      | Noticed Natasha
  3008 | D:2      | Killed Natasha
  3008 | D:2      | Reached XP level 6. HP: 22/32 MP: 4/11
  3199 | D:2      | Reached skill level 5 in Ice Magic
  4032 | D:3      | Noticed kraftydee's ghost (amateur TrCK)
  4042 | D:3      | Killed kraftydee's ghost
  4042 | D:3      | Reached XP level 7. HP: 27/37 MP: 5/13
  4277 | D:3      | Found a glowing drain.
  4340 | Sewer    | Entered a sewer
  4700 | Sewer    | Learned a level 4 spell: Throw Icicle
  4961 | D:3      | Found an ancient bone altar of Kikubaaqudgha.
  4962 | D:3      | Found a shimmering altar of Xom.
  5391 | D:4      | Noticed Duvessa
  5417 | D:4      | Noticed Dowan
  5426 | D:4      | Killed Duvessa
  5426 | D:4      | Reached skill level 6 in Ice Magic
  5436 | D:4      | Killed Dowan
  5436 | D:4      | Reached skill level 5 in Spellcasting
  5619 | D:4      | Found a staircase to the Ecumenical Temple.
  5650 | Temple   | Entered the Ecumenical Temple
  5855 | Temple   | Became a worshipper of Sif Muna the Loreminder
  6044 | D:4      | Reached XP level 8. HP: 40/42 MP: 9/16
  6103 | D:4      | Noticed Edmund
  6155 | D:4      | Killed Edmund
  6329 | D:4      | Reached skill level 1 in Fighting
  6354 | D:4      | Slain by an ogre

Skill      XL: |  1  2  3  4  5  6  7  8 |
---------------+-------------------------+-----
Spellcasting   | 3 4 5 |  5.8
Ice Magic      | 4 5 6 |  6.8
Unarmed Combat | 1 |  1.1
Stealth        | 3 |  3.6
Dodging        | 2 |  2.0
Fighting       | 1 |  1.0
Conjurations   | |  1.5

Action                   |  1- 3 |  4- 6 |  7- 9 || total
-------------------------+-------+-------+-------++-------
Melee: Unarmed           |    21 |     6 |     4 ||    31
       Flail             |       |       |     8 ||     8
 Cast: Freeze            |    40 |   103 |   106 ||   249
       Throw Frost       |    11 |     9 |     1 ||    21
       Ozocubu's Armour  |       |       |     1 ||     1
  Use: Potion            |     2 |     1 |       ||     3
       Scroll            |       |     1 |     6 ||     7
  Eat: Bread ration      |     1 |       |       ||     1
       Meat ration       |       |     1 |       ||     1
       Chunk             |       |     1 |     6 ||     7
       Fruit             |       |       |     1 ||     1
Armor: Robe              |    27 |    24 |    32 ||    83
Dodge: Dodged            |    45 |    55 |    48 ||   148
